 Dungeon Crawl Stone Soup version 0.29.0-15-g675c0067aa (webtiles) character file.

Game seed: 6568407925034596135

3 qw the Shield-Bearer (level 1, -2/14 HPs)
             Began as a Gargoyle Fighter on Sept 12, 2022.
             Slain by a gnoll
             ... wielding a +4 whip
              (5 damage)
             ... on level 1 of the Dungeon.
             The game lasted 00:00:03 (80 turns).

qw the Shield-Bearer (Gargoyle Fighter)               Turns: 80, Time: 00:00:03

Health: -2/14      AC:  9    Str: 19    XL:     1   Next: 50%
Magic:  1/1        EV:  9    Int:  8    God:
Gold:   0          SH:  4    Dex:  9    Spells: 0/0 levels left

rFire   . . .      SeeInvis .   a - +0 war axe
rCold   . . .      Faith    .   c - +0 buckler
rNeg    + . .      Spirit   .   b - +0 scale mail
rPois   inf        Reflect  .   (no helmet)
rElec   +          Harm     .   (no cloak)
rCorr   .          Rampage  .   (no gloves)
Will    .....                   (no boots)
Stlth   ..........              (no amulet)
HPRegen 0.04/turn               (no ring)
MPRegen 0.07/turn               (no ring)

@: no status effects
A: sickness immunity, AC +2, negative energy resistance 1, electricity
resistance, torment resistance 1, petrification resistance
a: no special abilities


You were on level 1 of the Dungeon.
You visited 1 branch of the dungeon, and saw 1 of its levels.


Innate Abilities, Weirdness & Mutations

You are immune to sickness and miasma.
Your stone body is resilient. (AC +2)
You are immune to poison.
You resist negative energy. (rN+)
You are resistant to electric shocks. (rElec)
You are resistant to unholy torment.
You are immune to petrification.


   Skills:
 - Level 3.2 Fighting
 + Level 2.1 Axes
 - Level 3.2 Armour
 - Level 3.2 Shields


You couldn't memorise any spells.
You didn't know any spells.
Your spell library was empty.

Inventory:

Hand Weapons
 a - a +0 war axe (weapon)
Armour
 b - a +0 scale mail (worn)
 c - a +0 buckler (worn)
Potions
 d - a potion of might
 e - a potion of flight {unknown}

Dungeon Overview and Level Annotations

Branches:
Dungeon (1/15)

Altars:


Message History

You block the bat's attack. The bat hits you but does no damage. x3
You slash the bat!
You kill the bat!
You open the door.
A sourceless malevolence fills the Dungeon... and a teleportation trap spontaneously manifests!
You are yanked towards some nearby monsters!
Your surroundings suddenly seem different.
A gnoll and 2 jackals come into view.
The gnoll shouts!
The jackal barks! x2; You hear a shout!
The jackal barely misses you. The gnoll hits you with a +4 whip.
You barely miss the gnoll. You closely miss the jackal.
The jackal barely misses you. The gnoll hits you with a +4 whip.
The jackal bites you. You block the jackal's attack.
You hit the gnoll but do no damage. You hit the jackal.
You barely miss the jackal.
The jackal bites you but does no damage.
The jackal barely misses you. The gnoll closely misses you.
A goblin comes into view. It is wielding a +0 club.
The jackal bites you.
The jackal bites you but does no damage.
The gnoll closely misses you.
You barely miss the jackal.
The jackal is moderately wounded.
You barely miss the gnoll. You completely miss the jackal.
You block the jackal's attack. x2; The gnoll hits you but does no damage.
The jackal barely misses you. The jackal closely misses you.
You hit the gnoll but do no damage. You closely miss the jackal.
You hit the jackal.
The jackal bites you but does no damage. x2
The gnoll hits you but does no damage. The jackal barely misses you.
The jackal bites you but does no damage.
You slash the gnoll!
The gnoll is almost dead.
You barely miss the jackal. You slash the jackal!
You kill the jackal!
The jackal bites you but does no damage.
You block the gnoll's attack.
The jackal bites you but does no damage.
The gnoll hits you with a +4 whip.
You die...

#.. #
#######..
#........
#.h......
#@gg.....
#........
#........
#######..
.


You could see a gnoll, a jackal and a goblin.

Vanquished Creatures
  A bat (D:1)
  A jackal (D:1)
  A quokka (D:1)
  A kobold (D:1)
4 creatures vanquished.

Notes
Turn   | Place    | Note
-------+----------+-------------------------------------------
     0 | D:1      | qw the Gargoyle Fighter began the quest for the Orb.
     0 | D:1      | Reached XP level 1. HP: 14/14 MP: 1/1
     0 | D:1      | 0 ||| qw: Version: 0.1-a-119-g272c26d
     0 | D:1      | 0 ||| qw: Game counter: 11024
     0 | D:1      | 0 ||| qw: Always use a shield: true
     0 | D:1      | 0 ||| qw: God list: Okawaru
     0 | D:1      | 0 ||| qw: Allow faded altars: false
     0 | D:1      | 0 ||| qw: Do Orc after D:15 true
     0 | D:1      | 0 ||| qw: Do second Lair branch before Depths: true
     0 | D:1      | 0 ||| qw: Lair rune preference: random
     0 | D:1      | 0 ||| qw: Plans: Normal, Zot, God:TSO, Crypt, Tomb, Pan,
                  | Slime, Hells, Zig, Abyss, Orb
     0 | D:1      | 0 ||| PLANNING D:1-11
    77 | D:1      | HP: 3/14 [jackal (2)]
    80 | D:1      | Slain by a gnoll

Levels and vault maps discovered:
D:1:      dpeg_arrival_connections, layout_basic, basic_ecumenical_altar

Skill      XL: |  1 |
---------------+----+-----
Axes           | 2 |  2.1
Fighting       | |  3.2
Armour         | |  3.2
Shields        | |  3.2

Action                   || total
-------------------------++-------
Melee: War axe           ||    12
Armor: Scale mail        ||    15
Dodge: Dodged            ||    11
Block: Buckler           ||     6

Table legend:
 A = Non-vault XP
 B = Vault XP
 C = Vault XP percentage of total XP
 D = Non-vault monster count
 E = Vault monster count
 F = Vault count percentage of total count
                 A         B        C        D         E       F
            +---------+---------+-------+---------+---------+-------
      Total |       7 |       0 |   0.0 |       4 |       0 |   0.0
            +---------+---------+-------+---------+---------+-------
        D:1 |       7 |       0 |   0.0 |       4 |       0 |   0.0
            +---------+---------+-------+---------+---------+-------
